 Dungeon Crawl Stone Soup version 0.30.1-11-g7821555f0a (webtiles) character file.

Game seed: 13444812917609883201

323 Gumption the Ducker (level 6, -7/53 HPs)
             Began as a Gnoll Monk on Nov 13, 2023.
             Was a Follower of Uskayaw.
             Mangled by Grinder (8 damage)
             ... on level 3 of the Dungeon.
             The game lasted 00:12:59 (2743 turns).

Gumption the Ducker (Gnoll Monk)                    Turns: 2743, Time: 00:13:00

Health: -7/53      AC:  8    Str: 12    XL:     6   Next: 47%
Magic:  8/9        EV: 13    Int:  9    God:    Uskayaw [*.....]
Gold:   233        SH:  0    Dex: 15    Spells: 9/9 levels left

rFire   . . .        a - +0 falchion
rCold   . . .        d - orb {light}
rNeg    . . .        o - +0 ring mail
rPois   .            s - +0 helmet
rElec   .            (no cloak)
rCorr   .            l - +0 pair of gloves
SInv    .            r - +0 pair of boots
Will    .....        (no amulet)
Stlth   +            (no ring)
HPRegen 0.28/turn    (no ring)
MPRegen 0.11/turn

%: no passive effects
@: glowing
A: fangs 1, strong nose, distributed training
a: Renounce Religion, Stomp


You were on level 3 of the Dungeon.
You worshipped Uskayaw.
Uskayaw was noncommittal.
You visited 1 branch of the dungeon, and saw 3 of its levels.

You collected 233 gold pieces.

Inventory:

Hand Weapons
 a - a +0 falchion (weapon)
 t - a +0 club
Missiles
 q - 6 poisoned darts (quivered)
Armour
 d - an orb of light (worn)
 l - a +0 pair of gloves (worn)
 o - a +0 ring mail (worn)
 r - a +0 pair of boots (worn)
 s - a +0 helmet (worn)
Scrolls
 e - 2 scrolls of identify {unknown}
 h - a scroll of vulnerability {unknown}
 k - a scroll of blinking
 m - a scroll of fog {unknown}
 n - 2 scrolls of poison {unknown}
Potions
 b - a potion of brilliance {unknown}
 c - 2 potions of ambrosia
 f - 2 potions of magic {unknown}
 g - a potion of curing {unknown}
 i - 2 potions of cancellation {unknown}
 j - a potion of degeneration {unknown}
 p - 3 potions of lignification {unknown}


   Skills:
 + Level 6.8 Fighting
 + Level 2.0 Short Blades
 + Level 6.8 Long Blades
 + Level 2.0 Axes
 + Level 2.0 Maces & Flails
 + Level 2.0 Polearms
 + Level 2.0 Staves
 + Level 2.0 Ranged Weapons
 + Level 2.0 Throwing
 + Level 2.0 Armour
 + Level 6.8 Dodging
 + Level 2.0 Stealth
 + Level 2.0 Shields
 + Level 2.0 Unarmed Combat
 + Level 2.0 Spellcasting
 + Level 1.6 Conjurations
 + Level 1.6 Hexes
 + Level 1.6 Summonings
 + Level 1.6 Necromancy
 + Level 1.6 Translocations
 + Level 1.6 Transmutations
 + Level 1.6 Fire Magic
 + Level 1.6 Ice Magic
 + Level 1.6 Air Magic
 + Level 1.6 Earth Magic
 + Level 1.6 Poison Magic
 + Level 2.2 Invocations
 + Level 2.0 Evocations


You had 9 spell levels left.
You didn't know any spells.
Your spell library contained the following spells:

 Spells                   Type           Power      Damage    Failure   Level
 Cigotuvi's Dreadful Rot  Necr/Pois/Air  6%         N/A       50%         2
 Dispel Undead            Necr           3%         3d7       98%         4
 Death Channel            Necr           1%         N/A       100%        6


Dungeon Overview and Level Annotations

Branches:
Dungeon (3/15)

Altars:
Hepliaklqana
Uskayaw

Portals:
Abyss: D:3

Annotations:
D:3 2 transporters, Grinder; Nimbul's ghost, amateur DrWr


Innate Abilities, Weirdness & Mutations

You have very sharp teeth.
Your uncanny sense of smell can sniff out nearby items.
Your experience applies equally to all skills.


Message History

Your Axes skill increases to level 2!
Your Maces & Flails skill increases to level 2!
Your Polearms skill increases to level 2!
Your Staves skill increases to level 2!
Your Ranged Weapons skill increases to level 2!
Your Throwing skill increases to level 2!
Your Armour skill increases to level 2!
Your Stealth skill increases to level 2!
Your Shields skill increases to level 2!
Your Unarmed Combat skill increases to level 2!
Your Spellcasting skill increases to level 2!
Your Evocations skill increases to level 2!
Grinder is no longer paralysed.
You hit Grinder.
Grinder is lightly wounded.
Grinder blinks!
Grinder gestures at you. Pain shoots through your body!
* * * LOW HITPOINT WARNING * * *
Grinder gestures at you. Pain shoots through your body!
* * * LOW HITPOINT WARNING * * *
Found 5 gold pieces.
Grinder blinks!
You can no longer pass through a line of other dancers.
You open the door. Grinder gestures at you. You resist with significant effort.
There is an open door here.
You close the door.
You start resting.
Grinder opens the door.
Grinder hits you!
* * * LOW HITPOINT WARNING * * *
There is an open door here.
You hit Grinder but do no damage. Grinder gestures at you.
You barely resist. You hit Grinder but do no damage. Your bite misses Grinder.
Grinder hits you!
You die...

.......#.#........#..##########..
........#.........#..............
........#......##.#.############.
....8...#.....#.#.#.##########...
..8...8###.....##.#..............
........#.....#.#.############.#.
........#.....###.# #.#.
.......#.#.....##$# #.#.
gg.......†......@.# #.#.
.......#.#.....##5# #.#.
........#.....###.## #.#.
........#.....#.#..# #.#
..8...8###.....##..#
..g.8...#.....#.#..#
........#......##..###
........#............#
.......#.#.......###>#


You could see Grinder.

Vanquished Creatures
  Pargi (D:3)
  Natasha (thrice) (D:2)
  Robin (D:2)
  3 gnolls (D:3)
  3 adders
  A worm (D:2)
  A dart slug (D:1)
  An orc (D:3)
  7 endoplasms
  3 giant cockroaches
  21 goblins
  6 hobgoblins
  4 jackals (D:3)
  2 quokkas
  6 ball pythons
  7 bats
  4 frilled lizards
  3 kobolds
  4 rats
81 creatures vanquished.

Notes
Turn   | Place    | Note
-------+----------+-------------------------------------------
     0 | D:1      | Gumption the Gnoll Monk began the quest for the Orb.
     0 | D:1      | Reached XP level 1. HP: 23/23 MP: 1/1
    67 | D:1      | Found a hide-covered altar of Uskayaw.
    85 | D:1      | Reached XP level 2. HP: 24/29 MP: 2/2
   114 | D:1      | Became a worshipper of Uskayaw the Reveller
   114 | D:1      | Reached * piety under Uskayaw
   457 | D:1      | Reached ** piety under Uskayaw
   515 | D:1      | Reached XP level 3. HP: 30/35 MP: 3/3
   538 | D:1      | Found a faded altar of an unknown god.
   780 | D:2      | Reached skill level 1 in Invocations
   825 | D:2      | Reached skill level 1 in Short Blades
   825 | D:2      | Reached skill level 1 in Axes
   825 | D:2      | Reached skill level 1 in Maces & Flails
   825 | D:2      | Reached skill level 1 in Polearms
   825 | D:2      | Reached skill level 1 in Staves
   825 | D:2      | Reached skill level 1 in Ranged Weapons
   825 | D:2      | Reached skill level 1 in Throwing
   825 | D:2      | Reached skill level 1 in Armour
   825 | D:2      | Reached skill level 1 in Stealth
   825 | D:2      | Reached skill level 1 in Shields
   825 | D:2      | Reached skill level 1 in Unarmed Combat
   825 | D:2      | Reached skill level 1 in Spellcasting
   825 | D:2      | Reached skill level 1 in Evocations
   826 | D:2      | Reached *** piety under Uskayaw
   834 | D:2      | Noticed Robin
   842 | D:2      | Reached **** piety under Uskayaw
   846 | D:2      | Killed Robin
   847 | D:2      | Reached XP level 4. HP: 33/41 MP: 5/5
  1087 | D:2      | Reached skill level 1 in Conjurations
  1087 | D:2      | Reached skill level 1 in Hexes
  1087 | D:2      | Reached skill level 1 in Summonings
  1087 | D:2      | Reached skill level 1 in Necromancy
  1087 | D:2      | Reached skill level 1 in Translocations
  1087 | D:2      | Reached skill level 1 in Transmutations
  1087 | D:2      | Reached skill level 1 in Fire Magic
  1087 | D:2      | Reached skill level 1 in Ice Magic
  1087 | D:2      | Reached skill level 1 in Air Magic
  1087 | D:2      | Reached skill level 1 in Earth Magic
  1087 | D:2      | Reached skill level 1 in Poison Magic
  1348 | D:2      | Noticed Natasha
  1356 | D:2      | Killed Natasha
  1499 | D:2      | Noticed Natasha
  1504 | D:2      | Killed Natasha
  1505 | D:2      | Reached XP level 5. HP: 45/47 MP: 5/7
  1782 | D:3      | Found a transporter.
  1884 | D:2      | Noticed Natasha
  1891 | D:2      | Killed Natasha
  2043 | D:3      | Found a transporter.
  2046 | D:3      | Noticed Nimbul's ghost (amateur DrWr)
  2161 | D:3      | Found a one-way gate to the infinite horrors of the Abyss.
  2173 | D:3      | Noticed a kobold brigand
  2499 | D:3      | Found a hazy altar of Hepliaklqana.
  2653 | D:3      | Reached XP level 6. HP: 53/53 MP: 8/8
  2709 | D:3      | Noticed Grinder
  2709 | D:3      | Noticed Pargi
  2721 | D:3      | Killed Pargi
  2741 | D:3      | HP: 1/53 [Grinder (9)]
  2743 | D:3      | Mangled by Grinder

Illustrated notes

Levels and vault maps discovered:
D:1:      roderic_crop_circles_arrival_large, layout_basic,
          chequers_ecumenical_altar_island, minmay_hexomino_r4
D:2:      layout_loops_ring, uniq_robin, uniq_natasha
D:3:      wad_pebble_path, layout_basic, nzn_hepliaklqana_mist_gate,
          gammafunk_ghost_abyssal_escape, amcnicky_mini_pool_small,
          minmay_diced_spiral, uniq_grinder, uniq_pargi

Skill      XL: |  1  2  3  4  5  6 |
---------------+-------------------+-----
Invocations    | 1 2 |  2.2
Short Blades   | 1 2 |  2.0
Axes           | 1 2 |  2.0
Maces & Flails | 1 2 |  2.0
Polearms       | 1 2 |  2.0
Staves         | 1 2 |  2.0
Ranged Weapons | 1 2 |  2.0
Throwing       | 1 2 |  2.0
Armour         | 1 2 |  2.0
Stealth        | 1 2 |  2.0
Shields        | 1 2 |  2.0
Unarmed Combat | 1 2 |  2.0
Spellcasting   | 1 2 |  2.0
Evocations     | 1 2 |  2.0
Conjurations   | 1 |  1.6
Hexes          | 1 |  1.6
Summonings     | 1 |  1.6
Necromancy     | 1 |  1.6
Translocations | 1 |  1.6
Transmutations | 1 |  1.6
Fire Magic     | 1 |  1.6
Ice Magic      | 1 |  1.6
Air Magic      | 1 |  1.6
Earth Magic    | 1 |  1.6
Poison Magic   | 1 |  1.6
Fighting       | |  6.8
Long Blades    | |  6.8
Dodging        | |  6.8

Action                     |  1- 3 |  4- 6 || total
---------------------------+-------+-------++-------
  Melee: Falchion          |    88 |   130 ||   218
         Bite              |    13 |    13 ||    26
 Invoke: Stomp             |       |     1 ||     1
   Stab: Paralysed         |     1 |     2 ||     3
 Armour: Robe              |    14 |     3 ||    17
         Ring mail         |       |    43 ||    43
  Dodge: Dodged            |    51 |    93 ||   144
